[Event "Titled Tuesday Blitz March 15 Early 2022"]
[White "Fathy, Elameir"]
[Black "Orlov, Georgi"]
[WhiteFideId "10600396"]
[BlackFideId "2011271"]
[WhiteElo "2311"]
[BlackElo "2536"]
[Result "1/2-1/2"]
[Round "09"]
[TimeControl "180+1"]
[Date "2022.03.15"]
[WhiteClock "0:00:19"]
[BlackClock "0:00:16"]

1. d4 Nf6 2. c4 Nc6 3. Nf3 e6 4. g3 Bb4+ 5. Nbd2 Qe7 6. Bg2 d5 7. O-O Bxd2 8. Qxd2 dxc4 9. Qc2 Qb4 10. Bd2 Qb5 11. Bf4 Nd5 12. Bd2 Nb6 13. e4 a5 14. Rfc1 Nb4 15. Bxb4 axb4 16. Bf1 Qh5 17. Kg2 O-O 18. Bxc4 f5 19. Be2 fxe4 20. Qxe4 Nd5 21. Ne5 Qg5 22. h4 Qf6 23. Bf3 Kh8 24. Ng4 Qf7 25. Ne3 c6 26. Ng4 Qf5 27. Ne5 Qf6 28. Re1 Ra5 29. Re2 c5 30. Nc4 Ra4 31. Nd6 cxd4 32. Nxc8 Rxc8 33. Qxe6 Qxe6 34. Rxe6 Nf6 35. Bxb7 Rd8 36. Bc6 Ra6 37. a3 d3 38. Rd1 bxa3 39. bxa3 Rxa3 40. Re3 h6 41. Bb5 Ng4 42. Rexd3 Rdxd3 43. Rxd3 Rxd3 44. Bxd3 Ne5 45. Be2 Kg8 46. f4 Nc6 47. Kf3 Kf7 48. Bc4+ Kf6 49. Ke4 g5 50. Bd5 Ne7 51. Bb7 gxh4 52. gxh4 Nf5 53. h5 Ng3+ 54. Kf3 Nxh5 55. Kg4 Ng7 56. Bf3 h5+ 57. Kh4 Kf5 58. Bxh5 Kxf4 1/2-1/2


[Site "https://www.chess.com"]

[Event "Titled Tuesday Blitz March 15 Early 2022"]
[White "Fernandez Guillen, Ernesto J."]
[Black "Bryakin, Mikhail"]
[WhiteFideId "3512428"]
[BlackFideId "4165314"]
[WhiteElo "2380"]
[BlackElo "2417"]
[Result "1-0"]
[Round "09"]
[TimeControl "180+1"]
[Date "2022.03.15"]
[WhiteClock "0:00:10"]
[BlackClock "0:00:26"]

1. e4 c5 2. Nf3 e6 3. d4 cxd4 4. Nxd4 a6 5. Bd3 Qc7 6. Nc3 Nc6 7. Nb3 b5 8. f4 Bb7 9. Be3 Bb4 10. Qd2 Nge7 11. a3 Bxc3 12. Qxc3 O-O 13. O-O-O Rfc8 14. Qd2 d5 15. e5 a5 16. Bxb5 Ba6 17. Bxa6 Rxa6 18. g4 a4 19. Nd4 Nxd4 20. Bxd4 Rc6 21. c3 Rc4 22. Kb1 Nc6 23. Be3 Na5 24. Rhf1 Nb3 25. Qd3 Re4 26. Bc1 Qc4 27. Qxc4 Rcxc4 28. Rde1 Rxe1 29. Rxe1 g5 30. Rf1 Kg7 31. Kc2 Nxc1 32. Rxc1 Rxf4 33. b4 Rf2+ 34. Kd3 Rb2 35. c4 dxc4+ 36. Kxc4 Rxh2 37. Rb1 Rg2 38. b5 Rxg4+ 39. Kc5 Re4 40. b6 Rxe5+ 41. Kc6 Rd5 42. b7 Rd8 43. Rb4 h5 44. Rxa4 Rb8 45. Ra5 f5 46. Rb5 h4 47. a4 h3 48. Rb1 g4 49. a5 g3 50. a6 g2 51. a7 Rxb7 52. Rxb7+ Kf6 53. a8=Q g1=Q 54. Qh8+ Kg5 55. Rg7+ Kf4 56. Rxg1 1-0


[Site "https://www.chess.com"]

[Event "Titled Tuesday Blitz March 15 Early 2022"]
[White "Fiorito, Fabian"]
[Black "Martin Carmona, Gaston Manuel"]
[WhiteFideId "100200"]
[BlackFideId "22284567"]
[WhiteElo "2395"]
[BlackElo "2161"]
[Result "1-0"]
[Round "09"]
[TimeControl "180+1"]
[Date "2022.03.15"]
[WhiteClock "0:01:13"]
[BlackClock "0:01:33"]

1. d4 Nf6 2. Nc3 e6 3. Bf4 d5 4. Nb5 Na6 5. e3 c6 6. Nc3 Nb8 7. Nf3 Bd6 8. Ne5 O-O 9. g4 c5 10. dxc5 Bxc5 11. Bd3 Nc6 12. g5 Nd7 13. Nxd7 Bxd7 14. Qh5 g6 15. Qh6 e5 16. Nxd5 Be7 17. Nxe7+ Qxe7 18. Bg3 Bg4 19. O-O Bh5 20. f4 e4 21. f5 exd3 22. f6 Qxe3+ 23. Bf2 1-0


[Site "https://www.chess.com"]

[Event "Titled Tuesday Blitz March 15 Early 2022"]
[White "Flis, Pawel"]
[Black "P., Komal Kishore"]
[WhiteFideId "1112864"]
[BlackFideId "5016703"]
[WhiteElo "1735"]
[BlackElo "2115"]
[Result "0-1"]
[Round "09"]
[TimeControl "180+1"]
[Date "2022.03.15"]
[WhiteClock "0:00:02"]
[BlackClock "0:00:02"]

1. e4 c6 2. d4 d5 3. exd5 cxd5 4. c4 Nf6 5. Nc3 Nc6 6. Nf3 e6 7. cxd5 Nxd5 8. Bd3 Be7 9. O-O O-O 10. Re1 a6 11. Qc2 Nf6 12. a3 Nxd4 13. Nxd4 Qxd4 14. Be3 Qh4 15. g3 Qh3 16. Bf1 Qg4 17. Be2 Qg6 18. Bd3 Qh5 19. Be2 Ng4 20. Bxg4 Qxg4 21. Rad1 f5 22. Bf4 Bf6 23. Qe2 Qh3 24. Qf1 Qh5 25. Qe2 Qf7 26. Na4 Bd7 27. Nc5 Bc6 28. Qxe6 Bxb2 29. a4 Bc3 30. Re3 Bb4 31. Qxf7+ Kxf7 32. Nd3 Be7 33. Ne5+ Kf6 34. Nxc6 bxc6 35. Be5+ Kf7 36. Bxg7 Rfd8 37. Rxd8 Rxd8 38. Be5 Rd1+ 39. Kg2 Rd5 40. Bf4 Ra5 41. Rc3 Rxa4 42. Rxc6 a5 43. Rc7 Ke6 44. Ra7 Ra2 45. Ra6+ Kf7 46. Ra7 Ke8 47. Ra8+ Kf7 48. Ra7 Kf6 49. Ra6+ Kf7 50. Ra8 a4 51. Ra7 Ke6 52. Ra6+ Kd5 53. Ra7 Bc5 54. Rc7 Rxf2+ 55. Kh3 Rc2 56. Rd7+ Kc6 57. Rxh7 a3 58. Rh8 a2 59. Ra8 Bd4 60. Ra6+ Kb5 61. Ra8 a1=Q 62. Rxa1 Bxa1 63. g4 fxg4+ 64. Kxg4 Kc6 65. h4 Kd5 66. h5 Ke4 67. Bb8 Rg2+ 68. Kh3 Rg8 69. Bd6 Kf3 70. Kh4 Bf6+ 71. Kh3 Rg5 0-1


[Site "https://www.chess.com"]

[Event "Titled Tuesday Blitz March 15 Early 2022"]
[White "Gaehwiler, Gabriel"]
[Black "Atakhan, Abtin"]
[WhiteFideId "1314530"]
[BlackFideId "22502203"]
[WhiteElo "2383"]
[BlackElo "2119"]
[Result "1-0"]
[Round "09"]
[TimeControl "180+1"]
[Date "2022.03.15"]
[WhiteClock "0:00:12"]
[BlackClock "0:00:16"]

1. d4 d5 2. c4 c6 3. Nf3 Nf6 4. Nc3 a6 5. g3 e6 6. Bg2 b5 7. b3 Bb4 8. Bd2 O-O 9. O-O bxc4 10. bxc4 a5 11. Na4 Nbd7 12. Qc2 Ba6 13. Nb2 Nb6 14. Bxb4 axb4 15. c5 Nc4 16. Nxc4 Bxc4 17. Ne5 Bb5 18. Rfb1 Ra4 19. Rb2 Nd7 20. Nf3 Qa5 21. Bf1 Ra8 22. e3 Bxf1 23. Kxf1 Qb5+ 24. Kg1 Qc4 25. Nd2 Qc3 26. Nb3 Ra3 27. Rc1 Qxc2 28. Rcxc2 Nf6 29. f3 Nd7 30. Kf2 e5 31. Nc1 1-0


[Site "https://www.chess.com"]

[Event "Titled Tuesday Blitz March 15 Early 2022"]
[White "Gareyev, Timur"]
[Black "Samadov, Read"]
[WhiteFideId "14200937"]
[BlackFideId "13417444"]
[WhiteElo "2582"]
[BlackElo "2084"]
[Result "1-0"]
[Round "09"]
[TimeControl "180+1"]
[Date "2022.03.15"]
[WhiteClock "0:00:20"]
[BlackClock "0:00:03"]

1. g3 d5 2. Nf3 c6 3. Bg2 Nf6 4. c4 dxc4 5. O-O g6 6. Na3 Bg7 7. Nxc4 O-O 8. b3 a5 9. Bb2 Na6 10. Bc3 Nc5 11. d3 Be6 12. Qd2 a4 13. Ba5 Qb8 14. Nb6 Ra6 15. bxa4 Nd5 16. Rab1 Nxb6 17. Bxb6 Nxa4 18. Bd4 Bd5 19. Bxg7 Kxg7 20. e4 Be6 21. Qb4 c5 22. Qxb7 Qxb7 23. Rxb7 Nc3 24. Rxe7 Rxa2 25. Re1 Rd8 26. Ng5 Kf6 27. Nxe6 Kxe7 28. Nxd8 Kxd8 29. Bf1 Ke7 30. Rc1 Ra3 31. f4 Kd6 32. Kf2 f6 33. Ke3 Nb5 34. e5+ fxe5 35. fxe5+ Kc6 36. Bg2+ Kb6 37. Rb1 Ka5 38. e6 Nd4 39. e7 Nf5+ 40. Kf4 Nxe7 41. Rb7 Nf5 42. Be4 Nd4 43. Rxh7 Ra2 44. Ra7+ 1-0


[Site "https://www.chess.com"]

[Event "Titled Tuesday Blitz March 15 Early 2022"]
[White "Gatterer, Florian"]
[Black "Jeet, Jain"]
[WhiteFideId "811688"]
[BlackFideId "5073022"]
[WhiteElo "2218"]
[BlackElo "2085"]
[Result "0-1"]
[Round "09"]
[TimeControl "180+1"]
[Date "2022.03.15"]
[WhiteClock "0:00:13"]
[BlackClock "0:00:35"]

1. b3 Nf6 2. Bb2 c5 3. e3 g6 4. c4 Bg7 5. Nf3 O-O 6. Be2 d5 7. cxd5 Nxd5 8. Bxg7 Kxg7 9. O-O b6 10. d4 cxd4 11. Qxd4+ Nf6 12. Rd1 Qxd4 13. Nxd4 Bb7 14. Bf3 Bxf3 15. Nxf3 Rc8 16. Na3 Nc6 17. Nc4 b5 18. Nb2 Ne4 19. Nd3 Nc3 20. Re1 b4 21. Nfe5 Nxe5 22. Nxe5 a5 23. a3 a4 24. axb4 axb3 25. Nd3 Rxa1 26. Rxa1 Rd8 27. Nb2 Rd2 28. Nc4 Ra2 29. Re1 b2 30. Nd2 Ra1 31. Kf1 Kf6 32. f3 Ke6 33. Kf2 Rxe1 34. Kxe1 Kd7 35. b5 b1=Q+ 36. Nxb1 Nxb1 37. Kf2 Nc3 38. b6 Kc6 39. b7 Kxb7 40. e4 Kc6 41. Ke3 e5 42. f4 Kd6 43. g3 f6 44. h4 h5 45. Kd3 Na4 46. Kc4 Nc5 0-1


[Site "https://www.chess.com"]

[Event "Titled Tuesday Blitz March 15 Early 2022"]
[White "Goriatchkin, Jouri"]
[Black "Farmani Anosheh, Armin"]
[WhiteFideId "4120183"]
[BlackFideId "24613240"]
[WhiteElo "1086"]
[BlackElo "2289"]
[Result "1-0"]
[Round "09"]
[TimeControl "180+1"]
[Date "2022.03.15"]
[WhiteClock "0:00:47"]
[BlackClock "0:00:01"]

1. d4 Nf6 2. c4 e6 3. Nc3 Bb4 4. Nf3 b6 5. e3 Bb7 6. Be2 Ne4 7. Qc2 Bxc3+ 8. bxc3 O-O 9. O-O f5 10. a4 a5 11. Ba3 d6 12. Bd3 Nd7 13. Rfd1 Qe7 14. Rac1 Kh8 15. Qe2 Rf6 16. Bxe4 Bxe4 17. Nd2 Bc6 18. e4 Bxa4 19. Re1 fxe4 20. Qxe4 Raf8 21. Nf3 Rg6 22. c5 d5 23. Qe3 bxc5 24. dxc5 c6 25. c4 Qf6 26. Kh1 1-0


[Site "https://www.chess.com"]

[Event "Titled Tuesday Blitz March 15 Early 2022"]
[White "Gurevich, Dmitry"]
[Black "Iljin, Timofey"]
[WhiteFideId "2000407"]
[BlackFideId "14110180"]
[WhiteElo "2506"]
[BlackElo "2396"]
[Result "1-0"]
[Round "09"]
[TimeControl "180+1"]
[Date "2022.03.15"]
[WhiteClock "0:01:34"]
[BlackClock "0:01:52"]

1. d4 f5 2. Nf3 Nf6 3. Bg5 g6 4. Bxf6 exf6 5. e3 Bg7 6. Bc4 d5 7. Bb3 O-O 8. c4 Be6 9. cxd5 Bxd5 10. Nc3 c6 11. Bxd5+ cxd5 12. Qb3 Nc6 13. Qxd5+ Qxd5 14. Nxd5 Rad8 15. Nc3 Nb4 16. O-O-O Rc8 17. Kb1 Rfd8 18. a3 Nc6 19. h4 Na5 20. Rc1 Nc4 21. Ne2 Bf8 22. Nf4 Kf7 23. Ka2 h6 24. Rc3 Nd6 25. Rhc1 Rxc3 26. Rxc3 Ne4 27. Rc7+ Be7 28. Nd3 g5 29. hxg5 hxg5 30. Rxb7 g4 31. Nh4 Nd6 32. Rxa7 Rh8 33. g3 Nb5 34. Rb7 Nd6 35. Rxe7+ Kxe7 36. Ng6+ Kf7 37. Nxh8+ Kg7 38. a4 Kxh8 39. a5 Kg7 40. a6 Nb5 41. Kb3 1-0


[Site "https://www.chess.com"]

[Event "Titled Tuesday Blitz March 15 Early 2022"]
[White "Guseva, Marina"]
[Black "Gontcharov, Vladislav"]
[WhiteFideId "4149351"]
[BlackFideId "4123492"]
[WhiteElo "2446"]
[BlackElo "2525"]
[Result "0-1"]
[Round "09"]
[TimeControl "180+1"]
[Date "2022.03.15"]
[WhiteClock "0:00:02"]
[BlackClock "0:00:07"]

1. d4 Nf6 2. Nf3 e6 3. Bf4 b6 4. e3 Bb7 5. Nbd2 Be7 6. h3 O-O 7. Bd3 d5 8. c3 Bd6 9. Qe2 Ne4 10. Rd1 f5 11. O-O h6 12. Ne5 Nd7 13. Nxd7 Qxd7 14. Nf3 g5 15. Ne5 Qg7 16. Bh2 f4 17. exf4 gxf4 18. f3 Ng3 19. Bxg3 Qxg3 20. Rfe1 Rae8 21. Qf2 Qxf2+ 22. Kxf2 Kg7 23. Re2 c5 24. a3 Rc8 25. Rde1 Rfe8 26. h4 cxd4 27. cxd4 Rc7 28. h5 Bc8 29. Ng4 Rd8 30. Kg1 Bd7 31. Kh2 b5 32. Ne5 Bxe5 33. Rxe5 a5 34. Kh3 Kf6 35. Kg4 Rg8+ 36. Bg6 Rc4 37. Kxf4 Rxd4+ 38. Kg3 Rd2 39. R1e2 Rxe2 40. Rxe2 Rc8 41. Kh4 Rc4+ 42. g4 e5 43. Kg3 b4 44. axb4 axb4 45. Rf2 Kg5 46. Re2 Kf6 47. Rf2 b3 48. Re2 Ba4 49. Bd3 Rc1 50. Rd2 d4 51. Be4 Rc2 52. Rg2 Kg5 53. Rf2 Rxf2 54. Kxf2 Kf4 55. Ke2 Bb5+ 56. Kd2 Bf1 57. Bd5 Bh3 58. Bxb3 Kxf3 59. g5 hxg5 60. h6 Bf5 0-1


[Site "https://www.chess.com"]

[Event "Titled Tuesday Blitz March 15 Early 2022"]
[White "Hammer, Jon Ludvig"]
[Black "Shimanov, Aleksandr"]
[WhiteFideId "1503707"]
[BlackFideId "4198603"]
[WhiteElo "2607"]
[BlackElo "2636"]
[Result "1-0"]
[Round "09"]
[TimeControl "180+1"]
[Date "2022.03.15"]
[WhiteClock "0:00:28"]
[BlackClock "0:00:01"]

1. d4 Nf6 2. c4 c5 3. d5 b5 4. cxb5 a6 5. bxa6 g6 6. Nc3 Bg7 7. a7 Rxa7 8. e4 O-O 9. e5 Ne8 10. Nf3 d6 11. exd6 Nxd6 12. Be2 Nd7 13. O-O Bb7 14. Re1 Ra8 15. Bg5 Nf6 16. Bf1 Re8 17. Qd2 Qb6 18. Ne5 Rad8 19. Rac1 Nf5 20. Bb5 Rf8 21. Bxf6 Qxf6 22. Nd7 Rxd7 23. Bxd7 Bh6 24. Qd1 Bxc1 25. Qxc1 Nd6 26. Qe3 Rd8 27. Bc6 c4 28. Qxe7 Qxe7 29. Rxe7 Bc8 30. Ra7 Bf5 31. f3 Bd3 32. Ra8 Rxa8 33. Bxa8 Kf8 34. Kf2 Ke7 35. Bc6 Kd8 36. Nb5 Nf5 37. g4 Ne7 38. Nc3 Kc7 39. Be8 f5 40. Ke3 fxg4 41. fxg4 Kd6 42. Kd4 Nc8 43. a4 Bf1 44. a5 Ke7 45. Bb5 Nd6 46. Kc5 Nb7+ 47. Kb6 Nd6 48. a6 Bd3 49. Kc7 Nxb5+ 50. Nxb5 c3 51. bxc3 Bxb5 52. a7 1-0


[Site "https://www.chess.com"]

[Event "Titled Tuesday Blitz March 15 Early 2022"]
[White "Hoffmann, Asa"]
[Black "Odegov, Artem"]
[WhiteFideId "2001470"]
[BlackFideId "34183644"]
[WhiteElo "2117"]
[BlackElo "2286"]
[Result "0-1"]
[Round "09"]
[TimeControl "180+1"]
[Date "2022.03.15"]
[WhiteClock "0:01:18"]
[BlackClock "0:01:42"]

1. d4 Nf6 2. Bg5 Ne4 3. Bf4 d5 4. f3 Nf6 5. e4 dxe4 6. Nc3 exf3 7. Nxf3 g6 8. Qd2 Bg7 9. O-O-O O-O 10. Bh6 Bg4 11. Be2 Nbd7 12. h3 Bxf3 13. Bxf3 c6 14. h4 Nb6 15. h5 Nc4 16. Qg5 Qa5 17. Qf4 Qb4 18. Na4 Qxa4 19. Bxg7 Kxg7 20. hxg6 fxg6 21. Qh6+ Kg8 22. Be2 Qb4 23. Bxc4+ Qxc4 24. Rde1 Qf7 25. Re5 Rad8 26. Qh4 Rd5 27. Rhe1 Rxe5 28. dxe5 Nd5 29. e6 Qf4+ 30. Qxf4 Rxf4 0-1


[Site "https://www.chess.com"]

[Event "Titled Tuesday Blitz March 15 Early 2022"]
[White "Indjic, Aleksandar"]
[Black "Rustemov, Alexander"]
[WhiteFideId "911925"]
[BlackFideId "4119002"]
[WhiteElo "2616"]
[BlackElo "2765"]
[Result "0-1"]
[Round "09"]
[TimeControl "180+1"]
[Date "2022.03.15"]
[WhiteClock "0:00:04"]
[BlackClock "0:00:07"]

1. d4 d5 2. c4 dxc4 3. Nf3 Nf6 4. Nc3 a6 5. a4 Nc6 6. e3 Na5 7. Ne5 Be6 8. e4 c6 9. Be3 g6 10. Qc2 Bg7 11. Rd1 O-O 12. Be2 b5 13. Bf3 Qc7 14. Bf4 Qb6 15. O-O Rfd8 16. Be3 Qc7 17. Bf4 Qb6 18. Be3 Qb7 19. h3 Nb3 20. Rfe1 Rac8 21. Ne2 Qc7 22. Nf4 c5 23. Nxe6 fxe6 24. Nxc4 Nxd4 25. Bxd4 cxd4 26. axb5 axb5 27. e5 Nd7 28. Bg4 Nf8 29. Qe4 Qxc4 30. h4 d3 31. Qf3 h5 32. Bh3 d2 33. Rf1 Rd3 34. Qe2 Rxh3 35. Qxc4 bxc4 36. gxh3 Rd8 37. f4 Rd3 38. Kg2 Bh6 39. Rf2 Nd7 40. Rdxd2 Nc5 41. Rde2 Kf7 42. Rf3 Rd4 43. Rc2 Nd3 44. Kf1 Bxf4 45. Rc3 Kg7 46. b3 Nxe5 47. Rf2 cxb3 48. Rxb3 Nc4 49. Kg2 e5 50. Rb7 Kf6 51. Ra7 Nd6 52. Ra6 e6 53. Re2 Nf5 54. Kf2 Nxh4 55. Rc2 Nf5 56. Rcc6 Rd2+ 57. Ke1 Nd4 58. Rd6 Kf5 59. Kf1 Rh2 60. Ra3 Ke4 61. Rb6 Nf3 62. Rbb3 Nd4 63. Rb4 h4 64. Kg1 Bg3 65. Rbb3 Rxh3 66. Re3+ Kf5 67. Kg2 Rh2+ 68. Kg1 g5 69. Red3 Re2 0-1


[Site "https://www.chess.com"]

[Event "Titled Tuesday Blitz March 15 Early 2022"]
[White "Istvanovszki, Martin"]
[Black "Perez Gormaz, Matias"]
[WhiteFideId "726958"]
[BlackFideId "3406342"]
[WhiteElo "2345"]
[BlackElo "2327"]
[Result "1-0"]
[Round "09"]
[TimeControl "180+1"]
[Date "2022.03.15"]
[WhiteClock "0:01:01"]
[BlackClock "0:00:03"]

1. e4 c5 2. Nc3 Nc6 3. Bb5 Nd4 4. Bc4 a6 5. a4 g6 6. Nf3 Bg7 7. Nxd4 cxd4 8. Qf3 e6 9. Ne2 Ne7 10. d3 Nc6 11. Bb3 O-O 12. h4 h5 13. Bg5 Qa5+ 14. Bd2 Qb6 15. a5 Qc7 16. Qg3 Qxg3 17. Nxg3 Ne5 18. Ne2 Nc6 19. f3 d6 20. Kf2 Bd7 21. g4 hxg4 22. fxg4 e5 23. Rag1 Be6 24. Ba4 f5 25. exf5 gxf5 26. g5 f4 27. h5 Ne7 28. h6 Bh8 29. g6 Nf5 30. g7 Nxg7 31. Bb4 1-0


[Site "https://www.chess.com"]

[Event "Titled Tuesday Blitz March 15 Early 2022"]
[White "Jaferian, Koosha"]
[Black "Koellner, Ruben Gideon"]
[WhiteFideId "12507440"]
[BlackFideId "12993093"]
[WhiteElo "2030"]
[BlackElo "2468"]
[Result "0-1"]
[Round "09"]
[TimeControl "180+1"]
[Date "2022.03.15"]
[WhiteClock "0:00:01"]
[BlackClock "0:00:06"]

1. Nf3 Nf6 2. b3 d5 3. Bb2 Nbd7 4. e3 c6 5. d4 e6 6. c4 Bd6 7. Bd3 Ne4 8. Nbd2 f5 9. O-O Qf6 10. a3 g5 11. b4 g4 12. Bxe4 fxe4 13. Ne5 Nxe5 14. dxe5 Bxe5 15. Bxe5 Qxe5 16. Qxg4 Bd7 17. Qg3 Qxg3 18. hxg3 h5 19. Rfd1 Ke7 20. Nb3 b6 21. Rac1 a6 22. Nd4 e5 23. cxd5 exd4 24. dxc6 Bf5 25. Rxd4 Rhd8 26. Rdc4 Rac8 27. a4 Rd5 28. f3 Rd3 29. fxe4 Be6 30. Rd4 Rxe3 31. b5 axb5 32. axb5 Rxg3 33. Ra1 Rc7 34. Ra6 h4 35. Rxb6 h3 36. Rd2 Rc8 37. Rb7+ Kf6 38. Rf2+ Ke5 39. c7 Rcg8 40. Rb8 Rxg2+ 41. Rxg2 Rxg2+ 42. Kh1 Rc2 43. b6 Kf4 44. Rf8+ Kg3 45. Rg8+ Bg4 46. b7 Rc1# 0-1


[Site "https://www.chess.com"]

[Event "Titled Tuesday Blitz March 15 Early 2022"]
[White "Johnson, Ben"]
[Black "Hernandez Jimenez, Alexander Andres"]
[WhiteFideId "2010917"]
[BlackFideId "3900452"]
[WhiteElo "2226"]
[BlackElo "2082"]
[Result "1-0"]
[Round "09"]
[TimeControl "180+1"]
[Date "2022.03.15"]
[WhiteClock "0:00:09"]
[BlackClock "0:00:02"]

1. Nf3 b5 2. e4 a6 3. d4 Bb7 4. Bd3 e6 5. O-O c5 6. c3 d6 7. Re1 Nd7 8. e5 d5 9. Bg5 Be7 10. Qd2 h6 11. Bxe7 Nxe7 12. Qf4 g5 13. Qg4 Qb6 14. Nbd2 O-O-O 15. b3 Rdg8 16. Qh5 Ng6 17. g3 Qd8 18. a4 c4 19. bxc4 bxc4 20. Bxg6 fxg6 21. Qh3 Qe7 22. Reb1 h5 23. Ne1 g4 24. Qf1 Nb8 25. Nc2 h4 26. Rxb7 Qxb7 27. Rb1 Qc7 28. Nb4 hxg3 29. fxg3 a5 30. Nc2 Rf8 31. Qg2 Rf7 32. Ne3 Rhf8 33. Nxg4 Qc6 34. Nf6 Qxa4 35. Nf3 Rb7 36. Rxb7 Kxb7 37. h4 Qb3 38. Ng5 a4 39. Nxe6 Rc8 40. Nc5+ Rxc5 41. dxc5 Qd1+ 42. Kh2 a3 43. Nxd5 Ka7 44. Nb4 Qb3 45. e6 1-0


[Site "https://www.chess.com"]

[Event "Titled Tuesday Blitz March 15 Early 2022"]
[White "Kamsky, Gata"]
[Black "Bok, Benjamin"]
[WhiteFideId "2000024"]
[BlackFideId "1017063"]
[WhiteElo "2645"]
[BlackElo "2658"]
[Result "0-1"]
[Round "09"]
[TimeControl "180+1"]
[Date "2022.03.15"]
[WhiteClock "0:00:02"]
[BlackClock "0:00:10"]

1. e4 c5 2. Nf3 d6 3. Bb5+ Nd7 4. a4 Nf6 5. Nc3 g6 6. a5 Bg7 7. O-O a6 8. Be2 O-O 9. d3 b5 10. axb6 a5 11. Bd2 Nxb6 12. Na4 Bd7 13. Nxb6 Qxb6 14. Bc3 a4 15. Nd2 Rfb8 16. Ra3 Ne8 17. Nc4 Qd8 18. Bxg7 Nxg7 19. Qa1 Ne6 20. Ne3 Bc6 21. Bd1 Qb6 22. Nc4 Qb7 23. Qc1 d5 24. exd5 Bxd5 25. Ne3 Bc6 26. b3 axb3 27. Rxb3 Qc7 28. Rxb8+ Rxb8 29. Qa1 h5 30. Qc3 Qf4 31. Qc4 Qf6 32. f4 Rb4 33. Qa6 Qd4 34. Qxc6 Qxe3+ 35. Kh1 Rxf4 36. Rg1 Kg7 37. h3 Rf2 38. Qd7 Qg5 39. Bf3 Nd4 40. Bb7 Nxc2 41. Qc7 Ne3 42. Be4 h4 43. Rc1 Nxg2 44. Rg1 Qf4 45. Qxc5 Ne3 0-1


[Site "https://www.chess.com"]

[Event "Titled Tuesday Blitz March 15 Early 2022"]
[White "Kanyamarala, Trisha"]
[Black "Petersson, Kjell"]
[WhiteFideId "45004722"]
[BlackFideId "1705148"]
[WhiteElo "2047"]
[BlackElo "2009"]
[Result "1-0"]
[Round "09"]
[TimeControl "180+1"]
[Date "2022.03.15"]
[WhiteClock "0:01:07"]
[BlackClock "0:00:09"]

1. c4 f5 2. g3 Nf6 3. Bg2 e6 4. d4 d5 5. Nc3 c6 6. Nf3 Bd6 7. O-O O-O 8. Ne1 Ne4 9. f3 Nxc3 10. bxc3 f4 11. g4 dxc4 12. e4 fxe3 13. Bxe3 Qc7 14. h3 Nd7 15. Qd2 Nb6 16. f4 Nd5 17. Bxd5 cxd5 18. Ng2 Bd7 19. Nh4 b5 20. f5 exf5 21. gxf5 Be7 22. Bf4 Qc6 23. Bg5 Bxg5 24. Qxg5 Qf6 25. Qg3 h6 26. Ng6 Rf7 27. Ne5 Re7 28. Qg2 Qg5 29. Ng4 Bc6 30. f6 gxf6 31. Rxf6 Rf7 32. Nxh6+ Kh7 33. Qxg5 Rg7 34. Qxg7+ Kxg7 35. Rxc6 a5 36. Nf5+ Kf7 37. Ne3 b4 38. Nxd5 1-0


[Site "https://www.chess.com"]

[Event "Titled Tuesday Blitz March 15 Early 2022"]
[White "Kevlishvili, Robby"]
[Black "Bortnyk, Olexandr"]
[WhiteFideId "1040634"]
[BlackFideId "14120828"]
[WhiteElo "2584"]
[BlackElo "2723"]
[Result "0-1"]
[Round "09"]
[TimeControl "180+1"]
[Date "2022.03.15"]
[WhiteClock "0:00:17"]
[BlackClock "0:00:28"]

1. e4 d6 2. d4 Nf6 3. Nc3 Nbd7 4. Nf3 e5 5. Bc4 Be7 6. a4 c6 7. O-O h6 8. Re1 Qc7 9. h3 g5 10. b3 Nf8 11. Ba3 Ng6 12. Bf1 g4 13. dxe5 dxe5 14. Bxe7 Qxe7 15. hxg4 Bxg4 16. Qd3 Nf4 17. Qe3 Rg8 18. Nh4 N6h5 19. Nf5 Qg5 20. g3 Bxf5 21. exf5 Nxg3 22. fxg3 Qxg3+ 23. Qxg3 Rxg3+ 24. Kf2 Rxc3 25. Rxe5+ Kf8 26. Bc4 Rd8 27. Rh1 Rd2+ 28. Ke1 Rcxc2 29. Rxh6 Ng2+ 30. Kf1 Rc1+ 31. Re1 Rxe1# 0-1


[Site "https://www.chess.com"]

[Event "Titled Tuesday Blitz March 15 Early 2022"]
[White "Khabinets, Ivan"]
[Black "Ismayil, Malak"]
[WhiteFideId "14115980"]
[BlackFideId "13412604"]
[WhiteElo "2521"]
[BlackElo "2449"]
[Result "1-0"]
[Round "09"]
[TimeControl "180+1"]
[Date "2022.03.15"]
[WhiteClock "0:00:03"]
[BlackClock "0:00:02"]

1. e4 e5 2. Nf3 Nc6 3. Bc4 Bc5 4. c3 Nf6 5. d4 exd4 6. e5 d5 7. Bb5 Ne4 8. cxd4 Bb6 9. Nc3 O-O 10. O-O Ne7 11. Bd3 f5 12. exf6 Nxf6 13. h3 Bf5 14. Re1 Bxd3 15. Qxd3 Ng6 16. Bg5 c6 17. Ne5 Ne7 18. Ng4 Qd6 19. Nxf6+ gxf6 20. Bh4 Ng6 21. Bg3 Qd7 22. Na4 Rae8 23. Kh2 f5 24. Nxb6 axb6 25. Be5 Nxe5 26. dxe5 f4 27. Rad1 Qf5 28. Qd4 b5 29. Rd3 Re6 30. Rf3 Qg5 31. Kh1 Rf5 32. g4 Rfxe5 33. Rxe5 Qxe5 34. Qa7 Qe4 35. Kg2 Re7 36. Qb8+ Kg7 37. Qd6 Rf7 38. h4 Qg6 39. Qe5+ Qf6 40. Qh5 d4 41. Rd3 Qd6 42. Qg5+ Kf8 43. f3 c5 44. b3 c4 45. bxc4 bxc4 46. Rd2 Re7 47. Qf5+ Rf7 48. Qc8+ Kg7 49. Qxc4 Rd7 50. Qd3 Qe5 51. Re2 Qc5 52. Re4 Qd6 53. Qd2 d3 54. Rxf4 Qe5 55. Re4 Qd5 56. Re3 Qc4 57. Kg3 Qc7+ 58. Kh3 Qc4 59. Re4 Qd5 60. Re3 b5 61. Re4 Qd6 62. Re1 Qd5 63. Rd1 Qxf3+ 64. Kh2 Qxg4 65. Rg1 Qxg1+ 66. Kxg1 Kg6 67. Kf2 Kf5 68. Qg5+ Ke6 69. Qg4+ Ke7 70. Qe4+ 1-0


[Site "https://www.chess.com"]

[Event "Titled Tuesday Blitz March 15 Early 2022"]
[White "Kosteniuk, Alexandra"]
[Black "Lou, Yiping"]
[WhiteFideId "4128125"]
[BlackFideId "8603928"]
[WhiteElo "2469"]
[BlackElo "2412"]
[Result "1-0"]
[Round "09"]
[TimeControl "180+1"]
[Date "2022.03.15"]
[WhiteClock "0:00:13"]
[BlackClock "0:00:07"]

1. e4 e5 2. Nf3 Nc6 3. Bc4 Bc5 4. c3 Nf6 5. d4 exd4 6. cxd4 Bb4+ 7. Nbd2 Nxe4 8. d5 Ne7 9. O-O Nxd2 10. Bxd2 Bxd2 11. Qxd2 d6 12. h4 O-O 13. h5 h6 14. Rfe1 Bg4 15. Nd4 Bxh5 16. Rac1 Bg6 17. Qf4 c6 18. dxc6 Nxc6 19. Nb5 d5 20. Rcd1 Ne7 21. Nc3 Qb8 22. Qxb8 Raxb8 23. Nxd5 Nxd5 24. Bxd5 Rfd8 25. f3 Kf8 26. Kf2 Rd7 27. Bb3 Rbd8 28. Rxd7 Rxd7 29. Re2 f6 30. Ba4 Re7 31. Rd2 Bf5 32. Rd8+ Kf7 33. a3 h5 34. b4 h4 35. Bb3+ Kg6 36. Rd4 Kg5 37. Ba4 Rc7 38. f4+ Kh6 39. Rd8 Rc8 40. Rd5 Be6 41. Rd6 Bg4 42. Rd3 g5 43. fxg5+ Kxg5 44. Rd5+ f5 45. Rd7 Rc3 46. Rxb7 Rxa3 47. Bc6 Kf4 48. Rd7 Ra2+ 49. Kg1 Rb2 50. Rd4+ Ke3 51. Rc4 f4 52. b5 h3 53. gxh3 Be6 54. Re4+ Kf3 55. Rb4+ Kg3 56. Rxb2 Bxh3 57. Rb3+ Kh4 58. Kf2 Bg4 59. Ra3 1-0


[Site "https://www.chess.com"]

[Event "Titled Tuesday Blitz March 15 Early 2022"]
[White "Kowalczyk, Pawel"]
[Black "Sarana, Alexey"]
[WhiteFideId "1130641"]
[BlackFideId "24133795"]
[WhiteElo "2344"]
[BlackElo "2666"]
[Result "0-1"]
[Round "09"]
[TimeControl "180+1"]
[Date "2022.03.15"]
[WhiteClock "0:00:08"]
[BlackClock "0:00:19"]

1. e4 c5 2. d4 d6 3. dxc5 Qa5+ 4. Nc3 Qxc5 5. Be3 Qc7 6. Nf3 Nf6 7. e5 dxe5 8. Nb5 Qa5+ 9. c3 Nbd7 10. Bc4 e6 11. O-O a6 12. Nd6+ Bxd6 13. Qxd6 Ne4 14. Qd3 Nec5 15. Qc2 b5 16. Be2 Qc7 17. Rad1 Bb7 18. b4 Ne4 19. c4 bxc4 20. Qxc4 Qxc4 21. Bxc4 Ke7 22. Rfe1 Rhc8 23. Bb3 Nc3 24. Rd2 f6 25. h4 Bd5 26. Ra1 Bxb3 27. axb3 Rc6 28. Ne1 e4 29. Bd4 Nb5 30. Bb2 e5 31. Rd5 Rac8 32. Kh2 Ke6 33. Rdd1 f5 34. Ra5 Nf6 35. Kh3 Ng4 36. Kg3 h5 37. Rda1 f4+ 38. Kh3 Nxf2+ 39. Kh2 Ng4+ 40. Kg1 Nd4 41. Rxa6 Ne2+ 42. Kf1 Ng3+ 43. Kg1 Rxa6 44. Rxa6+ Kd5 45. b5 Rb8 46. b6 Kc6 47. Ba3 Rxb6 48. Rxb6+ Kxb6 49. Bf8 g6 50. Bg7 Kc6 51. Nc2 e3 52. Ne1 e4 53. b4 Kb5 54. Bf8 Kc4 55. Bd6 Kd5 56. Bf8 Ne2+ 57. Kf1 Nd4 58. Bg7 f3 59. gxf3 exf3 60. Bxd4 Nh2+ 61. Kg1 f2+ 62. Kxh2 fxe1=Q 0-1


[Site "https://www.chess.com"]